 Dungeon Crawl Stone Soup version 0.29-a0-271-gd4eb659eea (webtiles) character file.

Game seed: 5386682043467077463

39825 dolemite99 the Cruncher (level 13, -3/110 (114) HPs)
             Began as a Minotaur Gladiator on Mar 9, 2022.
             Was an Initiate of Gozag.
             Slain by a small abomination (13 damage)
             ... on level 1 of the Abyss.
             The game lasted 00:28:01 (22764 turns).

dolemite99 the Cruncher (Minotaur Gladiator)       Turns: 22764, Time: 00:28:02

HP:   -3/110 (114)  AC: 16    Str: 24    XL:     13   Next: 71%
MP:   12/12         EV: 27    Int:  5    God:    Gozag
Gold: 378           SH:  0    Dex: 12    Spells: 12/12 levels left

rFire   . . .      SeeInvis .   a - +3 quarterstaff (vamp)
rCold   . . .      Faith    .   (shield currently unavailable)
rNeg    . . .      Spirit   .   y - +0 plate armour
rPois   +          Reflect  .   c - +1 hat
rElec   .          Harm     .   E - +0 cloak
rCorr   .          Rampage  .   D - +0 pair of gloves
Will    .....                   N - +1 pair of boots {Fly}
Stlth   ..........              B - amulet of the acrobat
HPRegen 0.28/turn               t - ring of poison resistance
MPRegen 0.13/turn               R - +4 ring of evasion

@: acrobatic, flying, slowed, lightly drained, unable to read, very slow
A: horns 2, retaliatory headbutt, [deformed body], [inability to read while
threatened]
a: Renounce Religion, Potion Petition, Call Merchant, Bribe Branch


You were on level 1 of the Abyss.
You worshipped Gozag.
Gozag was aware of your devotion.
You visited 3 branches of the dungeon, and saw 17 of its levels.
You visited the Abyss 2 times.
You also visited: Sewer and Bailey.

You collected 4477 gold pieces.
You spent 524 gold pieces at shops.
You paid 3575 gold pieces to Gozag.

Inventory:

Hand Weapons
 a - a +3 vampiric quarterstaff (weapon)
 b - a +1 vorpal shortbow
 C - a +1 quarterstaff of freezing
 M - a +2 antimagic quarterstaff
 U - a +2 flail of protection
Missiles
 d - 3 throwing nets
 e - 7 javelins
 q - 9 poisoned darts (quivered)
 u - 2 datura-tipped darts
 F - 8 curare-tipped darts
 K - 15 boomerangs
Armour
 c - a +1 hat (worn)
 k - quicksilver dragon scales
 y - a +0 plate armour (worn)
 D - a +0 pair of gloves (worn)
 E - a +0 cloak (worn)
 N - a +1 pair of boots of flying (worn)
 V - a scarf of invisibility
Magical Staves
 L - a staff of poison
Jewellery
 j - a ring of magical power
 t - a ring of poison resistance (left hand)
 v - a ring of see invisible
 B - an amulet of the acrobat (around neck)
 J - a ring of protection from cold
 R - a +4 ring of evasion (right hand)
 S - a ring of positive energy
 Y - a +4 ring of evasion
Wands
 f - a wand of flame (6)
 g - a wand of iceblast (6)
 A - a wand of acid (6)
 P - a wand of charming (8)
Scrolls
 l - 6 scrolls of fear
 m - a scroll of teleportation
 n - a scroll of magic mapping
 p - 2 scrolls of amnesia
 z - 2 scrolls of enchant weapon
 H - 6 scrolls of blinking
 I - a scroll of fog
 Q - 3 scrolls of identify {@r1}
 W - 2 scrolls of torment
Potions
 h - 10 potions of flight
 i - 4 potions of resistance
 o - a potion of berserk rage
 r - 8 potions of curing
 w - a potion of brilliance
 x - 2 potions of cancellation
 G - 2 potions of attraction
 T - 4 potions of invisibility
 X - a potion of might {unknown}
Miscellaneous
 s - a lightning rod (2/4)


   Skills:
 - Level 10.7 Fighting
 - Level 14.2 Staves
 + Level 12.4 Throwing
 - Level 10.4 Armour
 - Level 3.2 Dodging
 + Level 11.8 Evocations


You had 12 spell levels left.
You didn't know any spells.
Your spell library contained the following spells:

 Spells                   Type           Power      Damage    Failure   Level
 Apportation              Tloc           0%         N/A       99%         1
 Pain                     Necr           0%         1d4       99%         1
 Summon Small Mammal      Summ           0%         N/A       99%         1
 Ensorcelled Hibernation  Hex/Ice        0%         N/A       100%        2
 Scorch                   Fire           0%         2d5       100%        2
 Static Discharge         Conj/Air       0%         N/A       100%        2
 Call Canine Familiar     Summ           0%         N/A       100%        3
 Frozen Ramparts          Ice            0%         1d2       100%        3
 Spider Form              Tmut/Pois      0%         N/A       100%        3
 Summon Guardian Golem    Hex/Summ       0%         N/A       100%        3
 Animate Dead             Necr           0%         N/A       100%        4
 Flame Wave               Conj/Fire      0%         2d4       100%        4
 Ice Form                 Ice/Tmut       0%         N/A       100%        4
 Olgreb's Toxic Radiance  Pois           0%         N/A       100%        4
 Summon Ice Beast         Ice/Summ       0%         N/A       100%        4
 Agony                    Necr           0%         N/A       100%        5
 Alistair's Intoxication  Tmut/Pois      0%         N/A       100%        5
 Borgnjor's Vile Clutch   Necr/Erth      0%         N/A       100%        5
 Excruciating Wounds      Necr           0%         N/A       100%        5
 Lightning Bolt           Conj/Air       0%         1d11      100%        5
 Death Channel            Necr           0%         N/A       100%        6
 Summon Cactus Giant      Summ           0%         N/A       100%        6
 Orb of Destruction       Conj           0%         9d5       100%        7
 Spellforged Servitor     Conj/Summ      0%         N/A       100%        7
 Maxwell's Capacitive Co  Air            0%         ∞         100%        8


Dungeon Overview and Level Annotations

Branches:
Dungeon (10/15)            Temple (1/1) D:5            Lair (6/6) D:9
 Shoals (0/4) Lair:3        Snake (0/4) Lair:4        Slime (0/5) Lair:6
  Sewer (visited)          Bailey (visited)
    Orc: D:9-12

Altars:
Ashenzari
Dithmenos
Elyvilon
Fedhas
Gozag
Hepliaklqana
Kikubaaqudgha
Makhleb
Nemelex Xobeh
Okawaru
Qazlal
Sif Muna
Uskayaw
Vehumet
Wu Jian
Xom
Yredelemnul
Zin
The Shining One
Jiyva

Shops:
D:1 !=[*   D:2 !   D:4 (   D:6 *   D:8 *   D:9 [

Annotations:
D:10 Erolcha


Innate Abilities, Weirdness & Mutations

You have a pair of horns on your head.
You reflexively headbutt those who attack you in melee.
[Armour fits poorly on your strangely shaped body.]
[You sometimes lose the ability to read scrolls when taking damage.]


Message History

You are suddenly pulled into a different region of the Abyss!
You start resting.
A small abomination assembles itself!
A lich comes into view.
The lich shouts!
The lich gestures at you while chanting.
You feel yourself slow down.
The lich mumbles some strange words.
The lich flickers and vanishes!
Deactivating autopickup; reactivate with Ctrl-A.
You feel as though you will be slow longer.
Something touches you.
You feel drained. Something touches you.
Something touches you but does no damage. x2
The small abomination misses you. Something touches you!
You feel threatened and lose the ability to read scrolls!
The small abomination attacks as you move away!
The small abomination hits you.
You hear some strange, mumbled words.
A bolt of cold appears from out of thin air!
The bolt of cold hits you!!!
* * * LOW HITPOINT WARNING * * *
The small abomination completely misses you.
The small abomination attacks as you move away!
The small abomination completely misses you.
A lurking horror comes into view.
Something touches you!
* * * LOW HITPOINT WARNING * * *
You feel drained.
* * * LOW HITPOINT WARNING * * *
Something touches you.
* * * LOW HITPOINT WARNING * * *
Your body is wracked with pain!
* * * LOW HITPOINT WARNING * * *
Something misses you.
The small abomination attacks as you move away!
The small abomination hits you!
You die...
Your body crumbles into a pile of gold.

#. #.. # #. #.# # .
.. .##... #.## . ..
#. ..#.###..#.# # .
# # #......##.#.#
..#..#..
#..##....... # #...
..####....x..##....
..#. .....#
#...@..## . .
#..##..#..###....#
. #...#.....#.#....
##. ##
.##.....#..####.#
#.. #.#..###..#..
...#....## ..##...
..#..#...#..## ....
####.......# ...
##......#.#... #.#


You could see a small abomination.

Vanquished Creatures
  Gastronok (Lair:3)
  A tentacled starspawn (Abyss:1)
  A blizzard demon (Abyss:1)
  3 hydras
  2 boulder beetles
  4 catoblepae (Lair:6)
  2 two-headed ogres
  4 death yaks (Lair:6)
  A sixfirhy (Abyss:1)
  An orc knight (Bailey)
  2 manticores (Lair:6)
  14 cane toads
  2 komodo dragons
  A hellwing (Abyss:1)
  5 rime drakes
  2 polar bears
  Prince Ribbit (D:6)
  A slime creature (D:8)
  An ettin zombie (Abyss:1)
  12 blink frogs
  8 dream sheep (Lair:6)
  4 wyverns
  Eustachio (D:5)
  40 yaks
  3 basilisks
  2 steam dragons (D:8)
  2 nagas (Lair:4)
  16 water moccasins
  11 orc warriors
  2 small abominations (Abyss:1)
  An ogre (D:5)
  30 wolves
  3 centaurs
  2 phantoms
  5 kobold brigands
  A necrophage (D:8)
  11 bullfrogs
  3 scorpions
  10 wights
  13 killer bees (D:8)
  4 howler monkeys
  2 quasits
  Crazy Yiuf (D:3)
  6 hounds
  A jelly (D:7)
  8 iguanas
  9 orc wizards
  7 hell rats
  Robin (D:4)
  3 gnolls (D:2)
  5 adders
  A river rat (Sewer)
  2 shadow imps
  4 white imps
  3 ufetubi
  4 worms (Sewer)
  3 dart slugs
  25 orcs
  4 bats
  10 endoplasms
  5 giant cockroaches
  26 goblins
  9 hobgoblins
  5 jackals
  3 quokkas
  11 ball pythons
  2 frilled lizards (D:2)
  34 kobolds
  8 rats
  A bush (Lair:6)
436 creatures vanquished.

Vanquished Creatures (others)
  31 fungi
  A lurking horror (Abyss:1)
  70 plants
  9 starspawn tentacles (Abyss:1)
111 creatures vanquished.

Grand Total: 547 creatures vanquished

Notes
Turn   | Place    | Note
-------+----------+-------------------------------------------
     0 | D:1      | dolemite99 the Minotaur Gladiator began the quest for the
                  | Orb.
     0 | D:1      | Reached XP level 1. HP: 18/18 MP: 0/0
    67 | D:1      | Reached skill level 4 in Staves
   157 | D:1      | Reached XP level 2. HP: 18/25 MP: 1/1
   243 | D:1      | Found Vupsopl Ohel's Armour Shop.
   324 | D:1      | Found Unauh's Jewellery Emporium.
   569 | D:1      | Found Gippegyl's General Store.
   672 | D:1      | Found Bophyst's Distillery.
   942 | D:2      | Reached skill level 5 in Staves
  1083 | D:2      | Reached XP level 3. HP: 30/30 MP: 2/2
  1407 | D:2      | Reached XP level 4. HP: 37/37 MP: 3/3
  1419 | D:2      | Found Tolookuo's Distillery.
  1435 | D:2      | Reached skill level 6 in Staves
  1437 | D:2      | Bought a potion of curing for 33 gold pieces
  1437 | D:2      | Bought a potion of lignification for 33 gold pieces
  2035 | D:3      | Found a glowing drain.
  2039 | Sewer    | Entered a sewer
  2403 | Sewer    | Noticed a kobold brigand
  2421 | Sewer    | Killed a kobold brigand
  2422 | Sewer    | Reached skill level 7 in Staves
  2422 | Sewer    | Reached XP level 5. HP: 26/42 MP: 4/4
  2766 | Sewer    | Reached skill level 8 in Staves
  2766 | Sewer    | Reached XP level 6. HP: 19/50 MP: 5/5
  3389 | D:3      | Found a radiant altar of Vehumet.
  3402 | D:3      | Reached skill level 9 in Staves
  3767 | D:3      | Found a runed translucent door.
  3768 | D:3      | Noticed Crazy Yiuf
  3977 | D:3      | Killed Crazy Yiuf
  4080 | D:4      | Noticed Robin
  4087 | D:4      | Reached XP level 7. HP: 46/56 MP: 6/6
  4324 | D:4      | Killed Robin
  4336 | D:4      | Found Ama Yqa's Antique Weapon Boutique.
  4405 | D:4      | Reached skill level 10 in Staves
  4882 | D:4      | Found a shimmering altar of Xom.
  5264 | D:5      | Entered Level 5 of the Dungeon
  5439 | D:5      | Reached skill level 11 in Staves
  5653 | D:5      | Reached XP level 8. HP: 55/62 MP: 7/7
  5707 | D:5      | Found a staircase to the Ecumenical Temple.
  5754 | Temple   | Entered the Ecumenical Temple
  5762 | Temple   | Became a worshipper of Gozag Ym Sagoz the Greedy
  5789 | D:5      | Reached skill level 12 in Staves
  5814 | D:5      | Found a hazy altar of Hepliaklqana.
  5839 | D:5      | Noticed Eustachio
  5852 | D:5      | Killed Eustachio
  6228 | D:6      | Found Suligeapp's Assorted Antiques.
  6232 | D:6      | Bought a scroll of identify for 40 gold pieces
  6555 | D:6      | Noticed Prince Ribbit
  6590 | D:6      | Killed Prince Ribbit
  6591 | D:6      | Reached skill level 13 in Staves
  6962 | D:6      | Found a sparkling altar of Nemelex Xobeh.
  7612 | D:6      | Reached skill level 14 in Staves
  7784 | D:7      | Reached XP level 9. HP: 85/85 MP: 8/8
  7918 | D:7      | Reached XP level 10. HP: 92/92 MP: 9/9
  8048 | D:7      | Reached skill level 10 in Fighting
  8551 | D:7      | Reached skill level 10 in Armour
  8596 | D:7      | Found a white marble altar of Elyvilon.
  9071 | D:8      | Found a flagged portal.
  9086 | D:8      | Found Hantimuc's Elemental Accessories.
  9116 | Bailey   | Entered a bailey
  9369 | Bailey   | Noticed an orc knight
  9406 | Bailey   | Killed an orc knight
  9820 | Bailey   | Found the +8 Wrath of Trog {antimagic, *Rage Rampage}
 10353 | Bailey   | Got the Collected Works on Icy Poison
 10454 | D:8      | Bought a wand of iceblast (4) for 88 gold pieces
 10454 | D:8      | Bought a lightning rod (4/4) for 330 gold pieces
 10626 | D:8      | Noticed a two-headed ogre
 10639 | D:8      | Killed a two-headed ogre
 11170 | D:8      | Reached XP level 11. HP: 94/101 MP: 10/10
 11385 | D:9      | Found Otil's Armour Shoppe.
 11685 | D:9      | Found a staircase to the Lair.
 11775 | D:9      | Noticed a two-headed ogre
 11788 | D:9      | Killed a two-headed ogre
 11892 | D:9      | Reached skill level 5 in Evocations
 11997 | D:9      | Found a blossoming altar of Fedhas.
 12072 | D:9      | Found a glowing silver altar of Zin.
 12072 | D:9      | Found an ancient bone altar of Kikubaaqudgha.
 12447 | D:10     | Entered Level 10 of the Dungeon
 12449 | D:10     | Noticed Erolcha
 12451 | D:10     | Cast into level 1 of the Abyss (Erolcha)
 12487 | Abyss:1  | Noticed a tentacled starspawn
 12555 | Abyss:1  | Killed a tentacled starspawn
 12694 | Abyss:1  | Noticed a sixfirhy
 12701 | Abyss:1  | Killed a sixfirhy
 12940 | Abyss:1  | Noticed a blizzard demon
 12964 | Abyss:1  | Killed a blizzard demon
 13102 | Abyss:1  | Noticed a starcursed mass
 13116 | Abyss:1  | Noticed a starcursed mass
 13117 | Abyss:1  | Noticed an angel
 13126 | Abyss:1  | Noticed a deep elf pyromancer
 13126 | Abyss:1  | Noticed a tentacled starspawn
 13126 | Abyss:1  | Noticed a hell hog
 13127 | Abyss:1  | Noticed an eidolon
 13129 | Abyss:1  | Noticed a deep elf knight
 13129 | Abyss:1  | Noticed a deep elf knight
 13159 | D:10     | Escaped the Abyss
 13370 | Lair:1   | Entered Level 1 of the Lair of Beasts
 13688 | Lair:1   | Reached skill level 5 in Throwing
 14542 | Lair:2   | Noticed a boulder beetle
 14558 | Lair:2   | Killed a boulder beetle
 14620 | Lair:2   | Noticed a four-headed hydra
 14634 | Lair:2   | Killed a four-headed hydra
 15719 | Lair:3   | Found a staircase to the Shoals.
 15756 | Lair:3   | Noticed Gastronok
 15780 | Lair:3   | Killed Gastronok
 15781 | Lair:3   | Reached XP level 12. HP: 108/108 MP: 11/11
 16637 | Lair:4   | Noticed a boulder beetle
 16654 | Lair:4   | Killed a boulder beetle
 16931 | Lair:4   | Found a staircase to the Snake Pit.
 18345 | Lair:5   | You are sucked into a shaft and drop 1 floor!
 18345 | Lair:6   | Entered Level 6 of the Lair of Beasts
 18345 | Lair:6   | Noticed a death yak
 18513 | Lair:6   | Noticed a seven-headed hydra
 18514 | Lair:6   | Reached skill level 10 in Throwing
 18537 | Lair:6   | Killed a seven-headed hydra
 18587 | Lair:6   | Reached skill level 10 in Evocations
 18668 | Lair:6   | Found a viscous altar of Jiyva.
 18668 | Lair:6   | Found a staircase to the Slime Pits.
 18880 | Lair:6   | Reached XP level 13. HP: 114/114 MP: 12/12
 22367 | D:10     | Cast into level 1 of the Abyss (Erolcha)
 22396 | Abyss:1  | Noticed a cyan very ugly thing
 22398 | Abyss:1  | Noticed a Hell Sentinel
 22399 | Abyss:1  | Noticed a cyan very ugly thing
 22425 | Abyss:1  | Noticed a bone dragon
 22748 | Abyss:1  | Noticed a lich
 22764 | Abyss:1  | Slain by a small abomination

Illustrated notes

Levels and vault maps discovered:
D:1:      mainiacjoe_arrival_reflecting_pool, layout_basic, serial_shops,
          nicolae_lakefront_shop, nicolae_shop_hallway_plus, shop,
          nicolae_diamond_shop
D:2:      minmay_door_path, layout_basic, serial_shops, nicolae_shop_trees,
          minmay_misc_feat_more_columns
D:3:      layout_basic, mainiacjoe_overflow_alcove_1, gup_sewer_entry_bowl,
          uniq_crazy_yiuf_cottage
D:4:      layout_cave_pools, tgw_xom, serial_shops, shop, uniq_robin
D:5:      layout_basic, nicolae_overflow_crystal_walls, temple_statues,
          uniq_eustachio
D:6:      layout_basic, marbit_many_paths, serial_shops, shop_statue,
          uniq_prince_ribbit1
D:7:      layout_cave_pods, amcnicky_altar_gilded
D:8:      layout_rooms, enter_bailey_3, nicolae_elemental_shop,
          minmay_small_thing
D:9:      layout_gridville, kennysheep_little_box,
          gammafunk_temple_overflow_elements, lair_entry_dummy, serial_shops,
          nicolae_stop_n_shop_2
D:10:     layout_roguey, billiards_dpeg, uniq_erolcha, uniq_nergalle
Temple:   eino_temple_lava
Lair:1:   layout_cave_pods
Lair:2:   layout_small_grid
Lair:3:   layout_chaotic_city, shoals_dummy_entry, uniq_gastronok
Lair:4:   layout_misc_corridors, guppyfry_snake_entry_garden, serial_rivers,
          chequers_serial_rivers_micro_e, chequers_serial_rivers_room_b,
          chequers_serial_rivers_micro_d, chequers_serial_rivers_small_b,
          chequers_serial_rivers_marsh, chequers_serial_rivers_small_a,
          infiniplex_staircase_pool_2, lemuel_fruit_tree, serial_bayou_shore_b
Lair:5:   layout_regular_city, serial_bayou_shore_a
Lair:6:   evilmike_catoblepas_cave, layout_concentric_octagons, slime_altar_1,
          minivault_25
Abyss:1:  base: D:9, evilmike_abyss_exit_6, base:
Lair:5

Skill      XL: |  1  2  3  4  5  6  7  8  9 10 11 12 13 |
---------------+----------------------------------------+-----
Staves         | 4 5 7 8 9 11 14 | 14.2
Fighting       | 9 10 | 10.7
Armour         | 9 10 | 10.4
Throwing       | 4 7 10 12 | 12.4
Evocations     | 3 7 10 11 | 11.8
Dodging        | |  3.2

Action                   |  1- 3 |  4- 6 |  7- 9 | 10-12 | 13-15 || total
-------------------------+-------+-------+-------+-------+-------++-------
Melee: Quarterstaff      |    74 |   171 |   180 |   770 |   328 ||  1523
       Headbutt          |    10 |    21 |    22 |   169 |    95 ||   317
 Fire: Shortbow          |       |       |    24 |    76 |       ||   100
Throw: Throwing net      |       |     1 |     3 |       |       ||     4
       Dart              |       |       |    23 |   246 |    89 ||   358
Invok: Potion Petition   |       |       |       |     1 |       ||     1
       Bribe Branch      |       |       |       |       |     1 ||     1
Evoke: Wand              |       |       |       |     3 |       ||     3
       Lightning rod     |       |       |       |     4 |     4 ||     8
  Use: Potion            |       |     1 |     1 |     5 |     1 ||     8
       Scroll            |       |     7 |    15 |    10 |     1 ||    33
 Stab: Distracted        |       |       |       |     4 |       ||     4
Armor: Leather armour    |     1 |       |       |       |       ||     1
       Chain mail        |    15 |       |       |       |       ||    15
       Quicksilver drago |    16 |    52 |       |       |       ||    68
       Skin              |       |    47 |       |       |       ||    47
       Plate armour      |       |     4 |   150 |   368 |   151 ||   673
Dodge: Dodged            |    38 |    82 |    83 |   343 |   151 ||   697

Table legend: (Time is in decaauts)
 A = Elapsed time spent in this place.
 B = Non-inter-level travel time spent in this place.
 C = Inter-level travel time spent in this place.
 D = Time resting spent in this place.
 E = Time spent auto-exploring this place.
 F = Levels seen in this place.
 G = Mean time per level.
                   A        B        C        D        E       F      G
               +--------+--------+--------+--------+--------+-----+--------+
         Total |  22405 |  21711 |    694 |   5813 |  11407 |  21 | 1066.9 |
       Dungeon |   9962 |   9610 |    352 |   2157 |   5578 |  10 |  996.2 |
        Temple |     26 |     19 |      7 |      0 |      6 |   1 |   26.0 |
          Lair |   8605 |   8270 |    335 |   1837 |   4803 |   6 | 1434.2 |
         Abyss |   1076 |   1076 |      0 |    618 |    131 |   2 |  538.0 |
         Sewer |   1422 |   1422 |      0 |    599 |    575 |   1 | 1422.0 |
        Bailey |   1312 |   1312 |      0 |    601 |    313 |   1 | 1312.0 |
               +--------+--------+--------+--------+--------+-----+--------+

Top non-repeatable levels by time:
  Lair:6: 2290 daAuts
  Lair:4: 1488 daAuts
     D:6: 1446 daAuts
   Sewer: 1422 daAuts
  Lair:3: 1399 daAuts
  Bailey: 1312 daAuts
  Lair:5: 1234 daAuts
     D:9: 1221 daAuts
     D:7: 1202 daAuts
     D:8: 1186 daAuts
  Lair:2: 1127 daAuts
     D:2: 1093 daAuts
 Abyss:1: 1076 daAuts
     D:4: 1073 daAuts
  Lair:1: 1065 daAuts
